 Dungeon Crawl Stone Soup version 0.27-a0-951-gae3e1deef5 (webtiles) character file.

Game seed: 6946024959435905881

39 funkygono the Gusty (level 3, -6/26 HPs)
             Began as a Draconian Air Elementalist on Apr 11, 2021.
             Mangled by an ogre
             ... wielding a +0 giant club
              (14 damage)
             ... on level 2 of the Dungeon.
             The game lasted 00:04:08 (1976 turns).

funkygono the Gusty (Draconian Air Elementalist)    Turns: 1976, Time: 00:04:08

Health: -6/26      AC:  5    Str: 10    XL:     3   Next: 28%
Magic:  3/7        EV: 12    Int: 16    God:
Gold:   87         SH:  0    Dex: 11    Spells: 1/7 levels left

rFire    . . .     SeeInvis .   b - +0 short sword
rCold    . . .     Faith    .   (no shield)
rNeg     . . .     Spirit   .   (armour unavailable)
rPois    .         Reflect  .   (helmet restricted)
rElec    .         Harm     .   (no cloak)
rCorr    .         Rampage  .   (no gloves)
Will     .....                  (no boots)
Stlth    ++........             (no amulet)
HPRegen  0.08/turn              (no ring)
MPRegen  0.10/turn              (no ring)

@: no status effects
A: AC +5, unfitting armour, cold-blooded
a: no special abilities


You were on level 2 of the Dungeon.
You visited 1 branch of the dungeon, and saw 2 of its levels.

You collected 87 gold pieces.

Inventory:

Hand Weapons
 b - a +0 short sword (weapon)
Scrolls
 d - a scroll of torment
 e - 3 scrolls of identify {unknown}
 j - a scroll of silence {unknown}
 k - a scroll of teleportation {unknown}
Potions
 a - a potion of heal wounds {unknown}
 c - 2 potions of curing {unknown}
 f - a potion of brilliance {unknown}
 g - a potion of ambrosia {unknown}
 h - a potion of lignification {unknown}
 i - a potion of berserk rage {unknown}


   Skills:
 + Level 2.0 Dodging
 - Level 1.7 Stealth
 * Level 2.7 Spellcasting
 * Level 1.6 Conjurations
 * Level 3.3 Air Magic


You had one spell level left.
You knew the following spells:

 Your Spells              Type           Power      Damage    Failure   Level
a - Shock                 Conj/Air       40%        1d5       7%          1
b - Swiftness             Air            12%        N/A       8%          2
c - Static Discharge      Conj/Air       10%        N/A       21%         3

Your spell library contained the following spells:

 Spells                   Type           Power      Damage    Failure   Level
 Airstrike                Air            6%         N/A       43%         4
 Lightning Bolt           Conj/Air       5%         1d17      88%         5


Dungeon Overview and Level Annotations

Branches:
Dungeon (2/15)

Altars:
Fedhas

Shops:
D:2 :


Innate Abilities, Weirdness & Mutations

Your plain brown scales are hard. (AC +5)
You cannot fit into any form of body armour.
You are cold-blooded and may be slowed by cold attacks.


Message History

Casting: Shock (safe; 7% risk of failure)
Confirm with . or Enter, or press ? or * to list all spells.
The spell is quite dangerous to cast (21% risk of failure)!
Continue anyway?
Okay, then.
Unknown command.
Casting: Static Discharge (quite dangerous; 21% risk of failure)
Confirm with . or Enter, or press ? or * to list all spells.
The spell is quite dangerous to cast (21% risk of failure)!
Continue anyway?
The ogre is struck by an arc of lightning.
The ogre is heavily wounded.
You are struck by an arc of lightning.
The lightning grounds out.
The ogre barely misses you.
Unknown command.
Unknown command.
You see here a frilled lizard corpse.
Casting: Static Discharge (quite dangerous; 21% risk of failure)
Confirm with . or Enter, or press ? or * to list all spells.
Aiming: Shock (safe; 7% risk of failure)
Press: ? - help, Shift-Dir - straight line, f/p - ogre
Aim: an ogre, wielding a +0 giant club (heavily wounded, 15% to evade)
The zap hits the ogre.
The ogre is heavily wounded.
The zap hits the ogre.
The ogre is severely wounded.
The ogre hits you with a +0 giant club!!
Ouch! That really hurt!
* * * LOW HITPOINT WARNING * * *
You see here 14 bolts.
Casting: Shock (safe; 7% risk of failure)
Confirm with . or Enter, or press ? or * to list all spells.
You feel quick.
You start to feel a little slower.
Things that are here:
a +0 short sword; 3 stones; a kobold corpse You feel sluggish.
You start to feel a little faster.
You no longer feel sluggish.
The ogre hits you with a +0 giant club!
Ouch! That really hurt!
You die...

#.## #.....#
#.#########.# #.#
#.....###
#.........(.# #(#
#..[....#
#O########### #.#
#.....#.# #.# #.#
#.....#.###.# #.#
####.........#
#.#####........#####
#.......†..##.O#
#######.#####.@# #.#
#.....?# #.#
#..[...... #.#
######.#.# #.# # #.#
#.#


You could see an ogre.

Vanquished Creatures
  An adder (D:2)
  2 endoplasms
  A giant cockroach (D:2)
  2 goblins
  3 hobgoblins
  2 jackals (D:1)
  4 kobolds
  A quokka (D:1)
  3 ball pythons
  4 bats
  3 frilled lizards
  2 rats (D:1)
28 creatures vanquished.

Notes
Turn   | Place    | Note
-------+----------+-------------------------------------------
     0 | D:1      | funkygono the Draconian Air Elementalist began the quest
                  | for the Orb.
     0 | D:1      | Reached XP level 1. HP: 14/14 MP: 3/3
   248 | D:1      | Reached XP level 2. HP: 18/20 MP: 0/5
   326 | D:1      | Learned a level 2 spell: Swiftness
  1512 | D:2      | Found Faitaebb's Book Shop.
  1640 | D:2      | Reached XP level 3. HP: 23/26 MP: 0/7
  1770 | D:2      | Found a blossoming altar of Fedhas.
  1775 | D:2      | Learned a level 3 spell: Static Discharge
  1910 | D:2      | Noticed an ogre
  1976 | D:2      | Mangled by an ogre

Illustrated notes

Levels and vault maps discovered:
D:1:      roderic_crossed_star, layout_basic
D:2:      layout_loops_ring, serial_shops, nicolae_shop_behind_doors,
          basic_altar

Skill      XL: |  1 |
---------------+----+-----
Dodging        | 2 |  2.0
Stealth        | |  1.7
Spellcasting   | |  2.7
Conjurations   | |  1.6
Air Magic      | |  3.3

Action                   || total
-------------------------++-------
Melee: Unarmed           ||    20
       Tailslap          ||     2
       Short sword       ||     8
 Cast: Shock             ||    67
       Swiftness         ||     1
       Static Discharge  ||     1
  Use: Scroll            ||     2
Armor: Skin              ||    29
Dodge: Dodged            ||    37

Table legend: (Time is in decaauts)
 A = Elapsed time spent in this place.
 B = Non-inter-level travel time spent in this place.
 C = Inter-level travel time spent in this place.
 D = Time resting spent in this place.
 E = Time spent auto-exploring this place.
 F = Levels seen in this place.
 G = Mean time per level.
                   A        B        C        D        E       F      G
               +--------+--------+--------+--------+--------+-----+--------+
         Total |   1976 |   1949 |     27 |     45 |   1634 |   2 |  988.0 |
       Dungeon |   1976 |   1949 |     27 |     45 |   1634 |   2 |  988.0 |
               +--------+--------+--------+--------+--------+-----+--------+

Top non-repeatable levels by time:
     D:1: 1101 daAuts
     D:2: 874 daAuts
